 Dungeon Crawl Stone Soup version 0.27-a0-887-gcab673c142 (webtiles) character file.

Game seed: 7267798885420947700

1981 ptdevnull the Sneak (level 9, -2/81 HPs)
             Began as a Deep Dwarf Necromancer on Apr 3, 2021.
             Was a Believer of Dithmenos.
             Shot with a sling bullet by Joseph (4 damage)
             ... on level 7 of the Dungeon.
             The game lasted 00:27:38 (7569 turns).

ptdevnull the Sneak (Deep Dwarf Necromancer)        Turns: 7569, Time: 00:27:38

Health: -2/81      AC: -3    Str: 11    XL:     9   Next: 1%
Magic:  14/14      EV: 14    Int: 20    God:    Dithmenos [**....]
Gold:   231        SH:  0    Dex: 13    Spells: 5/18 levels left

rFire    . . .     SeeInvis .   z - +2 quarterstaff (chaos)
rCold    . . .     Faith    .   (shield currently unavailable)
rNeg     . . .     Spirit   .   a - +0 robe
rPois    .         Reflect  .   y - +0 helmet
rElec    .         Harm     .   A - +0 cloak
rCorr    .         Rampage  .   m - +0 pair of gloves
Will     +....                  (no boots)
Stlth    ++++......             (no amulet)
HPRegen  0.00/turn              (no ring)
MPRegen  0.14/turn              (no ring)

@: corroded, non-regenerating, wreathed by umbra
A: damage resistance, heal wounds, sense surroundings 2, no regeneration
a: Heal Wounds, Renounce Religion, Shadow Step


You were on level 7 of the Dungeon.
You worshipped Dithmenos.
Dithmenos was pleased with you.
You visited 2 branches of the dungeon, and saw 8 of its levels.

You collected 231 gold pieces.

Inventory:

Hand Weapons
 c - a +0 dagger
 k - a +0 quarterstaff of draining
 z - a +2 quarterstaff of chaos (weapon)
Missiles
 g - a throwing net
 i - 27 poisoned darts
 o - 67 sling bullets
 C - 3 boomerangs
 E - 4 boomerangs of dispersal
 F - a curare-tipped dart
Armour
 a - a +0 robe (worn)
 m - a +0 pair of gloves (worn)
 y - a +0 helmet (worn)
 A - a +0 cloak (worn)
Wands
 s - a wand of charming (12)
 t - a wand of polymorph (8)
 x - a wand of iceblast (14)
 G - a wand of paralysis (12)
Scrolls
 f - 2 scrolls of enchant armour {unknown}
 j - 2 scrolls of blinking {unknown}
 l - 4 scrolls of amnesia
 n - 3 scrolls of teleportation {unknown}
 p - 3 scrolls of fog {unknown}
 q - 2 scrolls of vulnerability {unknown}
 r - 2 scrolls of identify {unknown}
 v - a scroll of noise {unknown}
 w - a scroll of magic mapping {unknown}
 D - 2 scrolls of torment {unknown}
 H - a scroll of enchant weapon {unknown}
Potions
 b - 2 potions of cancellation {unknown}
 d - a potion of flight {unknown}
 e - 2 potions of might {unknown}
 h - a potion of attraction
 u - a potion of heal wounds {unknown}
 B - 2 potions of resistance {unknown}
 I - a potion of curing {unknown}
 J - a potion of degeneration {unknown}


   Skills:
 + Level 5.1 Fighting
 - Level 6.0 Dodging
 + Level 7.8 Stealth
 - Level 5.0 Spellcasting
 - Level 6.0 Necromancy


You had 5 spell levels left.
You knew the following spells:

 Your Spells              Type           Power      Damage    Failure   Level
a - Pain                  Necr           100%       1d9       1%          1
b - Animate Skeleton      Necr           58%        N/A       1%          1
c - Vampiric Draining     Necr           14%        2d8       3%          3
d - Blink                 Tloc           N/A        N/A       17%         2
e - Animate Dead          Necr           14%        N/A       10%         4
f - Call Imp              Summ           5%         N/A       17%         2

Your spell library contained the following spells:

 Spells                   Type           Power      Damage    Failure   Level
 Magic Dart               Conj           20%        1d4       12%         1
 Sandblast                Erth           10%        2d5       12%         1
 Passwall                 Tmut/Erth      4%         N/A       17%         2
 Slow                     Hex            5%         N/A       17%         2
 Agony                    Necr           29%        N/A       26%         5
 Conjure Flame            Conj/Fire      5%         6-21      34%         3
 Mephitic Cloud           Conj/Pois/Air  5%         N/A       34%         3
 Stone Arrow              Conj/Erth      10%        3d7       34%         3
 Petrify                  Tmut/Erth      5%         N/A       75%         4
 Lee's Rapid Deconstruct  Erth           2%         3d6*      97%         5


Dungeon Overview and Level Annotations

Branches:
Dungeon (7/15)             Temple (1/1) D:4

Altars:
Ashenzari
Cheibriados
Dithmenos
Fedhas
Gozag
Kikubaaqudgha
Nemelex Xobeh
Okawaru
Trog
Uskayaw
Vehumet
Wu Jian
Zin
The Shining One

Shops:
D:4 (:

Annotations:
D:2 Sigmund
D:7 Joseph


Innate Abilities, Weirdness & Mutations

You are resistant to damage.
You can heal yourself by infusing magical energy.
You passively map the area around you.
You do not regenerate.


Message History

Your experience leads to an increase in your attributes!
Increase (S)trength, (I)ntelligence, or (D)exterity?
You feel clever.
Your attunement to dungeon structure grows.
You start resting.
Magic restored.
You see here a bullfrog corpse.
p - 3 scrolls labelled OCHADO CEIPT (gained 2)
Found a knobbly smoking staff.
Found 26 stones.
You see here a staff of air.
K - a staff of air
Found a buckler.
You see here a staff of cold.
L - a staff of cold Drop what? 38/52 slots (_ for help) (? for menu, Esc to quit)
You drop a staff of air.
You drop a staff of cold.
You see here a +0 buckler.
A jelly comes into view.
A jelly is nearby!
Found a scroll labelled FUDWAY MACAM.
Joseph, a Mercenary comes into view.
He is wielding a +0 quarterstaff and carrying a wand of random effects (12).
The jelly quivers.
The jelly hits you.
You are splashed with acid!
You are too injured to fight recklessly!
You are too injured to fight recklessly!
You hit the jelly. The acid corrodes you!
Your hands burn!
The jelly is lightly wounded.
The jelly hits you. The acid corrodes you!
You are splashed with acid!
You hit the jelly but do no damage.
Your hands burn!
The jelly is lightly wounded.
Joseph shouts!
Joseph unwields a +0 quarterstaff.
Joseph wields a +0 hunting sling.
Joseph shoots a sling bullet.
The sling bullet hits you!!
* * * LOW HITPOINT WARNING * * *
The jelly misses you.
Joseph shoots a sling bullet.
The sling bullet hits you!
* * * LOW HITPOINT WARNING * * *
Joseph shoots a sling bullet.
The sling bullet hits you.
You die...

........#..##.#
...#....#..##.#.#*......., *
, ...#....#..##.#.# .....@.
####....#..##.#.# .......
........#..##.#.# ...?... *
###..[..#..##.#.##....... ,
* ###.....#.....#.#........
* #.......#...#.#.#........,
*
#......####.#...@J.......,,,
#........................, *
, #......####.#.##..#######
,* ......... #.#.##..# *
#......##.#.#.##..# *
........ ,.....#..# ,
#......## #.####..# * ,
######## #.. ,...# * , ,###
* * * ,


You could see Joseph and a jelly.

Vanquished Creatures
  Eustachio (D:4)
  A steam dragon (D:6)
  3 water moccasins
  An ogre (D:6)
  2 centaurs
  2 phantoms
  A kobold brigand (D:6)
  A wyvern zombie (D:6)
  A bullfrog (D:7)
  2 scorpions
  A water moccasin skeleton (D:6)
  3 vampire bats (D:4)
  A bullfrog zombie (D:6)
  4 hounds
  Crazy Yiuf (D:4)
  Jessica (D:2)
  A centaur skeleton (D:6)
  An iguana (D:2)
  Ijyb (D:4)
  A hound zombie (D:5)
  Robin (D:4)
  6 adders
  A white imp (D:6)
  4 ufetubi
  An adder skeleton (D:4)
  A worm (D:3)
  2 dart slugs
  8 orcs
  6 ball pythons
  4 bat skeletons (D:4)
  2 bat zombies (D:4)
  8 endoplasms
  5 giant cockroaches
  21 goblins
  7 hobgoblins
  6 jackals
  4 quokkas
  2 bats (D:3)
  4 frilled lizards
  14 kobolds
  14 rats
151 creatures vanquished.

Vanquished Creatures (collateral kills)
  An endoplasm (D:2)
1 creature vanquished.

Grand Total: 152 creatures vanquished

Notes
Turn   | Place    | Note
-------+----------+-------------------------------------------
     0 | D:1      | ptdevnull the Deep Dwarf Necromancer began the quest for
                  | the Orb.
     0 | D:1      | Reached XP level 1. HP: 15/15 MP: 3/3
     2 | D:1      | Learned a level 1 spell: Animate Skeleton
   322 | D:1      | Reached XP level 2. HP: 19/22 MP: 3/5
  1015 | D:2      | Reached XP level 3. HP: 15/28 MP: 1/6
  1072 | D:2      | Noticed Jessica
  1086 | D:2      | Killed Jessica
  1142 | D:2      | Learned a level 3 spell: Vampiric Draining
  1143 | D:2      | Noticed Sigmund
  1206 | D:2      | Reached skill level 5 in Necromancy
  1431 | D:2      | Reached XP level 4. HP: 26/36 MP: 5/7
  2518 | D:3      | Reached XP level 5. HP: 34/42 MP: 5/9
  2523 | D:3      | Learned a level 2 spell: Blink
  2862 | D:4      | Found a staircase to the Ecumenical Temple.
  2889 | Temple   | Entered the Ecumenical Temple
  3180 | Temple   | Became a worshipper of Dithmenos the Shadowed
  3237 | D:4      | Noticed Eustachio
  3408 | D:4      | Found Gecipp's Book Boutique.
  3617 | D:4      | Found Beqiqus's Weapon Shop.
  3628 | D:4      | Found an opulent altar of Gozag.
  3664 | D:4      | Noticed Ijyb
  3675 | D:4      | Killed Ijyb
  3797 | D:4      | Noticed Robin
  3821 | D:4      | Reached XP level 6. HP: 23/49 MP: 6/10
  4022 | D:4      | Killed Robin
  4262 | D:4      | Found a runed translucent door.
  4263 | D:4      | Noticed Crazy Yiuf
  4397 | D:4      | Killed Eustachio
  4398 | D:4      | Reached skill level 5 in Dodging
  4528 | D:4      | Reached * piety under Dithmenos
  4531 | D:4      | Found an ancient bone altar of Kikubaaqudgha.
  4575 | D:4      | Reached skill level 1 in Fighting
  4575 | D:4      | Reached skill level 3 in Stealth
  4575 | D:4      | Reached XP level 7. HP: 34/57 MP: 11/11
  4678 | D:4      | Killed Crazy Yiuf
  4799 | D:5      | Entered Level 5 of the Dungeon
  4991 | D:5      | Reached skill level 4 in Stealth
  5630 | D:5      | Reached skill level 5 in Stealth
  5788 | D:5      | Found a glowing silver altar of Zin.
  6042 | D:6      | Reached XP level 8. HP: 48/68 MP: 7/14
  6460 | D:6      | HP: 3/69 [steam dragon (7)]
  6460 | D:6      | HP: 1/69 [steam dragon (2)]
  6469 | D:6      | Reached skill level 6 in Stealth
  6472 | D:6      | Reached ** piety under Dithmenos
  6660 | D:6      | Reached skill level 5 in Spellcasting
  6788 | D:6      | Reached skill level 7 in Stealth
  6805 | D:6      | Learned a level 4 spell: Animate Dead
  6808 | D:6      | Learned a level 2 spell: Call Imp
  6917 | D:6      | Found a glowing golden altar of the Shining One.
  7298 | D:7      | Reached skill level 5 in Fighting
  7420 | D:7      | Gained mutation: You passively map the area around you.
                  | [Deep Dwarf growth]
  7420 | D:7      | Reached XP level 9. HP: 43/81 MP: 1/14
  7565 | D:7      | Noticed Joseph
  7568 | D:7      | HP: 2/81 [Joseph/sling bullet (11)]
  7569 | D:7      | Shot with a sling bullet by Joseph

Illustrated notes

Levels and vault maps discovered:
D:1:      saegor_arrival_simple_d, layout_basic
D:2:      layout_loops_ring, minmay_pentomino_o2, uniq_jessica, uniq_sigmund
D:3:      minmay_chambers_of_threes, layout_loops_ring, minmay_misc_feat_iff,
          kennysheep_generic_room_11
D:4:      kennysheep_goblin_castle, layout_basic, lemuel_crystal_altar,
          kennysheep_vampire_church, minmay_temple_entry_drinking_statues,
          serial_shops, kennysheep_little_box, shop, minmay_misc_feat_plants,
          dk_noncrumbling_3, uniq_crazy_yiuf_cottage, uniq_ijyb, uniq_eustachio
D:5:      layout_basic, zin_scriptorium
D:6:      layout_basic, tso_oasis_becter
D:7:      layout_basic, nicolae_ru_the_path_less_chosen,
          nicolae_qazlal_style_of_elements, bloody_makhleb, uniq_joseph
Temple:   jpeg_temple_alley_garden

Skill      XL: |  1  2  3  4  5  6  7  8 |
---------------+-------------------------+-----
Spellcasting   | 2 3 4 5 |  5.0
Dodging        | 3 4 6 |  6.0
Necromancy     | 5 6 |  6.0
Fighting       | 1 2 5 |  5.1
Stealth        | 3 5 7 |  7.8

Action                   |  1- 3 |  4- 6 |  7- 9 || total
-------------------------+-------+-------+-------++-------
Melee: Dagger            |    37 |     1 |       ||    38
       Unarmed           |     3 |       |       ||     3
       Quarterstaff      |     8 |   159 |   133 ||   300
 Cast: Pain              |    39 |     7 |     2 ||    48
       Animate Skeleton  |     3 |     5 |       ||     8
       Vampiric Draining |     3 |    27 |    48 ||    78
 Abil: Heal Wounds       |       |     2 |     5 ||     7
  Use: Potion            |       |     1 |       ||     1
       Scroll            |       |     1 |       ||     1
 Stab: Sleeping          |     5 |     6 |     6 ||    17
       Petrified         |       |       |     2 ||     2
Armor: Robe              |     5 |    65 |    43 ||   113
Dodge: Dodged            |    27 |   192 |   178 ||   397

Table legend: (Time is in decaauts)
 A = Elapsed time spent in this place.
 B = Non-inter-level travel time spent in this place.
 C = Inter-level travel time spent in this place.
 D = Time resting spent in this place.
 E = Time spent auto-exploring this place.
 F = Levels seen in this place.
 G = Mean time per level.
                   A        B        C        D        E       F      G
               +--------+--------+--------+--------+--------+-----+--------+
         Total |   7657 |   7318 |    339 |   1532 |   4197 |   8 |  957.1 |
       Dungeon |   7324 |   7076 |    248 |   1532 |   3965 |   7 | 1046.3 |
        Temple |    332 |    241 |     91 |      0 |    232 |   1 |  332.0 |
               +--------+--------+--------+--------+--------+-----+--------+

Top non-repeatable levels by time:
     D:4: 1887 daAuts
     D:5: 1235 daAuts
     D:6: 1195 daAuts
     D:1: 1056 daAuts
     D:3: 939 daAuts
     D:2: 633 daAuts
     D:7: 377 daAuts
  Temple: 332 daAuts
